[Event "Late Titled Tuesday Blitz February 8 2022"]
[White "Medeiros Jr, Francisco De Assis"]
[Black "Papp, Petra"]
[WhiteFideId "2114267"]
[BlackFideId "739049"]
[WhiteElo "1998"]
[BlackElo "2259"]
[Result "1-0"]
[Round "09"]
[TimeControl "180+1"]
[Date "2022.02.09"]
[WhiteClock "0:00:08"]
[BlackClock "0:00:01"]

1. d4 d6 2. Nf3 f5 3. Bf4 Nf6 4. Nbd2 g6 5. e3 Bg7 6. Bd3 O-O 7. Bg3 Nc6 8. c3 Qe8 9. O-O e5 10. dxe5 dxe5 11. Bc4+ Kh8 12. Bh4 Be6 13. Qb3 Bxc4 14. Qxc4 Rd8 15. Bxf6 Bxf6 16. e4 f4 17. Rfd1 g5 18. Nb3 g4 19. Ne1 f3 20. g3 Qe7 21. Nc5 Rxd1 22. Rxd1 Rd8 23. Rd5 Rxd5 24. Qxd5 Nd8 25. Nxb7 Ne6 26. Nd3 Ng5 27. Nbc5 h5 28. Qd7 Qxd7 29. Nxd7 Kg7 30. N7xe5 Nxe4 31. Nc6 a6 32. Ndb4 Nc5 33. Nd5 Bg5 34. b4 Ne4 35. Nb8 Bd2 36. Nxc7 Nxc3 37. Nbxa6 Ne2+ 38. Kf1 Nd4 39. b5 Kf6 40. b6 Nc6 41. b7 Ke5 42. b8=Q Nxb8 43. Nxb8 Kd4 44. Ne6+ Kc3 45. Nf4 Kb2 46. Nxh5 Kxa2 47. Nf6 Kb3 48. Nxg4 Kc4 49. Nd7 Kd5 50. Ndf6+ Ke6 51. Ne4 Bc1 52. Ne3 Ke5 53. Ng5 Kf6 54. Nxf3 Bb2 55. Ke2 1-0


[Site "https://www.chess.com"]

[Event "Late Titled Tuesday Blitz February 8 2022"]
[White "Mekhitarian, Krikor Sevag"]
[Black "Hasangatin, Ramil"]
[WhiteFideId "2107660"]
[BlackFideId "4122160"]
[WhiteElo "2598"]
[BlackElo "2375"]
[Result "1-0"]
[Round "09"]
[TimeControl "180+1"]
[Date "2022.02.08"]
[WhiteClock "0:00:04"]
[BlackClock "0:00:03"]

1. e4 c5 2. Nf3 e6 3. d4 cxd4 4. Nxd4 Nf6 5. Nc3 Nc6 6. Nb3 Bb4 7. Bd3 d5 8. exd5 Nxd5 9. Bd2 Nxc3 10. bxc3 Be7 11. O-O O-O 12. Qe2 Bf6 13. Rad1 Qc7 14. Nc5 Be7 15. Ne4 b6 16. Ng5 g6 17. Rfe1 Bb7 18. Nxh7 Rfd8 19. Bxg6 fxg6 20. Qxe6+ Kg7 21. Ng5 Rf8 22. Qh3 Bxg5 23. Bxg5 Rf7 24. Qh6+ Kg8 25. Re6 Rg7 26. Bf6 Qf7 27. Qxg7+ Qxg7 28. Bxg7 Rc8 29. Bd4 Ba6 30. Rxg6+ Kf7 31. Rg7+ Ke6 32. Rg3 Kd5 33. Bxb6+ Kc4 34. Bd4 Re8 35. h4 Re2 36. Rc1 Bc8 37. h5 Bf5 38. h6 Ne7 39. Re3 Nd5 40. Rxe2 Nf4 41. Re3 1-0


[Site "https://www.chess.com"]

[Event "Late Titled Tuesday Blitz February 8 2022"]
[White "Melaugh, Shane"]
[Black "Dias, Joao Batista"]
[WhiteFideId "2509580"]
[BlackFideId "2108240"]
[WhiteElo "2000"]
[BlackElo "1898"]
[Result "1-0"]
[Round "09"]
[TimeControl "180+1"]
[Date "2022.02.09"]
[WhiteClock "0:02:12"]
[BlackClock "0:02:06"]

1. e4 e5 2. Nf3 Nc6 3. d4 exd4 4. Bc4 Be7 5. Nxd4 d6 6. Nc3 Nf6 7. h3 O-O 8. Be3 Nxe4 9. Nxe4 d5 10. Nxc6 bxc6 11. Bd3 dxe4 12. Bxe4 Bb7 13. O-O Bd6 14. Qf3 Be5 15. Qf5 g6 16. Qxe5 Re8 17. Qf4 Qe7 18. Bf3 1-0


[Site "https://www.chess.com"]

[Event "Late Titled Tuesday Blitz February 8 2022"]
[White "Migot, Tangi"]
[Black "Xie, Bryan"]
[WhiteFideId "662445"]
[BlackFideId "30941296"]
[WhiteElo "2539"]
[BlackElo "1899"]
[Result "1-0"]
[Round "09"]
[TimeControl "180+1"]
[Date "2022.02.09"]
[WhiteClock "0:01:56"]
[BlackClock "0:00:33"]

1. Nf3 c5 2. c3 Nc6 3. d4 cxd4 4. cxd4 d5 5. Nc3 Nf6 6. Bf4 Bf5 7. e3 e6 8. Qb3 Qd7 9. Bb5 Bd6 10. Ne5 Bxe5 11. Bxe5 a6 12. Bxc6 Qxc6 13. O-O Nd7 14. Rfc1 Nxe5 15. dxe5 Qd7 16. Na4 Qe7 17. Nb6 Rd8 18. Qa4+ Kf8 19. Rc3 f6 20. Qd4 h5 21. Rac1 Qf7 22. Rc8 1-0


[Site "https://www.chess.com"]

[Event "Late Titled Tuesday Blitz February 8 2022"]
[White "Mirza, Diana"]
[Black "Degardin, Sylvain"]
[WhiteFideId "2503999"]
[BlackFideId "20623070"]
[WhiteElo "1813"]
[BlackElo "2156"]
[Result "0-1"]
[Round "09"]
[TimeControl "180+1"]
[Date "2022.02.09"]
[WhiteClock "0:00:01"]
[BlackClock "0:00:26"]

1. e4 c5 2. Nf3 d6 3. d4 cxd4 4. Nxd4 Nf6 5. Nc3 Nc6 6. Be3 e5 7. Nb3 Be7 8. Bb5 O-O 9. O-O Be6 10. Nd5 Nxe4 11. Nxe7+ Qxe7 12. Qf3 f5 13. Nd2 d5 14. Nxe4 fxe4 15. Qh5 Bf7 16. Qg4 a6 17. Ba4 Be6 18. Qg3 b5 19. Bb3 Qf7 20. Bc5 Rfd8 21. Rad1 Rac8 22. Bb6 Rd7 23. Be3 d4 24. Bc1 Bxb3 25. axb3 Rd6 26. Rfe1 Rg6 27. Qh3 Rf8 28. Rf1 Qf3 29. Qxf3 exf3 30. g3 e4 31. Rfe1 Re6 32. Bf4 Rfe8 33. h4 g6 34. Ra1 Nb4 35. Rac1 Rc8 36. c3 Nd3 37. Red1 Nxc1 38. Rxc1 Rec6 39. Re1 dxc3 40. bxc3 Rxc3 41. Rxe4 Rxb3 42. Bh6 Rb1+ 43. Kh2 Rf1 44. Re7 Rxf2+ 45. Kh3 Re2 46. Rg7+ Kh8 47. Re7 Rxe7 0-1


[Site "https://www.chess.com"]

[Event "Late Titled Tuesday Blitz February 8 2022"]
[White "Miszler, Levente"]
[Black "Avazkhonov, Alikhon"]
[WhiteFideId "763276"]
[BlackFideId "14208504"]
[WhiteElo "1966"]
[BlackElo "1739"]
[Result "1-0"]
[Round "09"]
[TimeControl "180+1"]
[Date "2022.02.09"]
[WhiteClock "0:00:49"]
[BlackClock "0:00:01"]

1. d4 d5 2. c4 e6 3. Nf3 Nf6 4. Nc3 Be7 5. Bf4 O-O 6. e3 c5 7. cxd5 Nxd5 8. Nxd5 Qxd5 9. dxc5 Qxc5 10. Be2 Qa5+ 11. Kf1 Bd7 12. Qb3 Bc6 13. Nd4 Bd5 14. Qb5 Qxb5 15. Nxb5 Na6 16. Nc3 Bc6 17. f3 Rfd8 18. Kf2 Nc5 19. Rhd1 a6 20. Bc7 Rdc8 21. Bd6 Kf8 22. Bxe7+ Kxe7 23. Rd4 b5 24. Rad1 Rab8 25. b4 Nd7 26. Ne4 Rd8 27. Nd6 Nb6 28. e4 Rd7 29. e5 Bd5 30. f4 f6 31. Bf3 fxe5 32. fxe5 Rf8 33. Kg3 Bxf3 34. gxf3 Nd5 35. Ne4 h6 36. Nc5 Ra7 37. R1d3 Rd8 38. Ra3 Raa8 39. Rg4 1-0


[Site "https://www.chess.com"]

[Event "Late Titled Tuesday Blitz February 8 2022"]
[White "Mogranzini, Roberto"]
[Black "Wieczorek, Oskar"]
[WhiteFideId "810894"]
[BlackFideId "1133950"]
[WhiteElo "2469"]
[BlackElo "2319"]
[Result "1-0"]
[Round "09"]
[TimeControl "180+1"]
[Date "2022.02.09"]
[WhiteClock "0:01:01"]
[BlackClock "0:00:57"]

1. e4 c5 2. Nf3 g6 3. c3 d5 4. e5 Nc6 5. Bb5 Bg4 6. O-O Bg7 7. d4 cxd4 8. cxd4 Qb6 9. Bxc6+ bxc6 10. Nbd2 e6 11. h3 Bxf3 12. Nxf3 Ne7 13. b3 c5 14. Ba3 cxd4 15. Rc1 Nc6 16. Qc2 Rc8 17. Rfd1 Kd7 18. Qe2 Nb4 19. Bxb4 Qxb4 20. Qa6 Qb6 21. Qa4+ Ke7 22. Nxd4 Bxe5 23. Nc6+ Kf6 24. Qh4+ g5 25. Qh6+ Kf5 26. Ne7+ 1-0


[Site "https://www.chess.com"]

[Event "Late Titled Tuesday Blitz February 8 2022"]
[White "Mortazavi, Ali"]
[Black "Postnikov, Daniil"]
[WhiteFideId "401323"]
[BlackFideId "4166329"]
[WhiteElo "2339"]
[BlackElo "2261"]
[Result "0-1"]
[Round "09"]
[TimeControl "180+1"]
[Date "2022.02.09"]
[WhiteClock "0:00:02"]
[BlackClock "0:00:06"]

1. Nf3 Nf6 2. g3 c5 3. Bg2 d5 4. O-O Nc6 5. d3 g6 6. Nbd2 Bg7 7. e3 O-O 8. e4 e6 9. c3 a5 10. a4 b6 11. exd5 exd5 12. Re1 Bf5 13. Nf1 Ra7 14. Bf4 Re8 15. Qd2 Rae7 16. Nh4 Rxe1 17. Rxe1 Rxe1 18. Qxe1 Bxd3 19. h3 Bc2 20. Qd2 Bxa4 21. Bg5 d4 22. b3 dxc3 23. Qxd8+ Nxd8 24. bxa4 Ne6 25. Bxf6 Bxf6 26. Be4 Nd4 27. Ne3 Bxh4 28. gxh4 f5 29. Bd3 Kf7 30. Nc2 Nf3+ 31. Kg2 Nxh4+ 32. Kg3 g5 33. f4 h6 34. Ne3 Ke6 35. Nc4 Ng6 36. fxg5 hxg5 37. Nxb6 Ke5 38. Kf3 Kd4 39. Bc2 Ne5+ 40. Ke2 f4 41. Nc8 Nc4 42. Ne7 Ne3 43. Bb1 c2 0-1


[Site "https://www.chess.com"]

[Event "Late Titled Tuesday Blitz February 8 2022"]
[White "Nepomniachtchi, Ian"]
[Black "Xiong, Jeffery"]
[WhiteFideId "4168119"]
[BlackFideId "2047640"]
[WhiteElo "2740"]
[BlackElo "2727"]
[Result "1-0"]
[Round "09"]
[TimeControl "180+1"]
[Date "2022.02.08"]
[WhiteClock "0:01:39"]
[BlackClock "0:00:03"]

1. e4 c6 2. Nf3 d5 3. Nc3 g6 4. d4 Bg7 5. h3 dxe4 6. Nxe4 Nf6 7. Bd3 O-O 8. O-O Nxe4 9. Bxe4 Nd7 10. c3 e5 11. Bg5 Qc7 12. d5 cxd5 13. Bxd5 Nb6 14. Bb3 h6 15. Bh4 Nc4 16. Qe2 Be6 17. Rfe1 Rfe8 18. Rad1 a5 19. Ba4 Reb8 20. Bg3 b5 21. Bb3 a4 22. Nxe5 axb3 23. Nxg6 Qb7 24. Bxb8 Rxa2 25. Rd8+ Kh7 26. Nf4 Bf5 27. Qe8 h5 28. Nxh5 1-0


[Site "https://www.chess.com"]

[Event "Late Titled Tuesday Blitz February 8 2022"]
[White "Nikologorsky, Matfei"]
[Black "Levine, David"]
[WhiteFideId "24102474"]
[BlackFideId "2011611"]
[WhiteElo "2231"]
[BlackElo "2141"]
[Result "1-0"]
[Round "09"]
[TimeControl "180+1"]
[Date "2022.02.09"]
[WhiteClock "0:01:00"]
[BlackClock "0:00:21"]

1. e4 e5 2. Nf3 Nc6 3. Bb5 a6 4. Ba4 Nf6 5. O-O Be7 6. d3 b5 7. Bb3 O-O 8. a4 Rb8 9. axb5 axb5 10. Nc3 d6 11. h3 Nd4 12. Nxd4 exd4 13. Ne2 c5 14. c3 dxc3 15. bxc3 d5 16. Bf4 Rb6 17. e5 Ne8 18. Ng3 Nc7 19. d4 Ne6 20. Be3 c4 21. Bc2 b4 22. cxb4 Rxb4 23. f4 f5 24. Nxf5 g6 25. Nh6+ Kh8 26. f5 gxf5 27. Nxf5 Rg8 28. Ra7 Bg5 29. Rxh7+ Kxh7 30. Qh5+ 1-0


[Site "https://www.chess.com"]

[Event "Late Titled Tuesday Blitz February 8 2022"]
[White "Nogerbek, Kazybek"]
[Black "Niemann, Hans Moke"]
[WhiteFideId "13710427"]
[BlackFideId "2093596"]
[WhiteElo "2478"]
[BlackElo "2636"]
[Result "0-1"]
[Round "09"]
[TimeControl "180+1"]
[Date "2022.02.08"]
[WhiteClock "0:00:01"]
[BlackClock "0:00:48"]

1. d4 Nf6 2. c4 e6 3. Nc3 Bb4 4. Qc2 d5 5. cxd5 exd5 6. Bg5 h6 7. Bh4 Nc6 8. e3 g5 9. Bg3 h5 10. Bd3 h4 11. Be5 Be6 12. Nf3 Nxe5 13. Nxe5 c6 14. f4 Nd7 15. O-O-O gxf4 16. exf4 Nxe5 17. dxe5 Bg4 18. Be2 Bxe2 19. Nxe2 Qb6 20. Nd4 O-O-O 21. Kb1 Kb8 22. Rd3 c5 23. Nf5 c4 24. Rdd1 a5 25. Rc1 c3 26. Ka1 d4 27. Rhd1 d3 28. Rxd3 cxb2+ 29. Qxb2 Rxd3 30. e6 Rhd8 31. e7 Re8 32. Re1 Bc3 0-1


[Site "https://www.chess.com"]

[Event "Late Titled Tuesday Blitz February 8 2022"]
[White "Novikov, Evgenij"]
[Black "Jaferian, Koosha"]
[WhiteFideId "4125380"]
[BlackFideId "12507440"]
[WhiteElo "2242"]
[BlackElo "2027"]
[Result "1-0"]
[Round "09"]
[TimeControl "180+1"]
[Date "2022.02.09"]
[WhiteClock "0:00:59"]
[BlackClock "0:00:41"]

1. d4 Nf6 2. Nf3 e6 3. Bf4 c5 4. c3 Nc6 5. e3 d5 6. Nbd2 Bd6 7. Bg3 O-O 8. Bd3 b6 9. O-O Bxg3 10. hxg3 Bb7 11. dxc5 bxc5 12. e4 d4 13. cxd4 cxd4 14. e5 Ng4 15. Re1 Nb4 16. Be4 Qd7 17. Bxh7+ Kxh7 18. Ng5+ Kg8 19. Qxg4 Nc2 20. Nde4 Nxa1 21. Nf6+ gxf6 22. Nxe6+ 1-0


[Site "https://www.chess.com"]

[Event "Late Titled Tuesday Blitz February 8 2022"]
[White "Novikova, Galina"]
[Black "Burke, Paul"]
[WhiteFideId "4157095"]
[BlackFideId "2605767"]
[WhiteElo "1863"]
[BlackElo "1834"]
[Result "1-0"]
[Round "09"]
[TimeControl "180+1"]
[Date "2022.02.09"]
[WhiteClock "0:01:29"]
[BlackClock "0:00:01"]

1. e4 e5 2. Nf3 Nc6 3. d4 exd4 4. Nxd4 Be7 5. Nc3 d6 6. Be3 Nf6 7. f3 O-O 8. Qd2 a6 9. O-O-O Nxd4 10. Bxd4 c5 11. Be3 b5 12. g4 b4 13. Ne2 Be6 14. Kb1 c4 15. c3 a5 16. h4 a4 17. cxb4 a3 18. Nd4 axb2 19. Nxe6 fxe6 20. Bxc4 Qc8 21. Bb3 Kh8 22. Qxb2 d5 23. h5 Bxb4 24. Rc1 Qa6 25. h6 g6 26. g5 Qd3+ 27. Ka1 Qxe3 28. gxf6 d4 29. f7 e5 30. Qc2 Bc3+ 31. Kb1 Qxf3 32. Rhf1 Qh5 33. Rh1 Qg5 34. Rcg1 Qf4 35. Rf1 Qg5 36. Qh2 d3 37. Rc1 1-0


[Site "https://www.chess.com"]

[Event "Late Titled Tuesday Blitz February 8 2022"]
[White "Okike, David"]
[Black "Quirke, Jeffrey"]
[WhiteFideId "8500134"]
[BlackFideId "2013029"]
[WhiteElo "2232"]
[BlackElo "2263"]
[Result "0-1"]
[Round "09"]
[TimeControl "180+1"]
[Date "2022.02.09"]
[WhiteClock "0:01:04"]
[BlackClock "0:00:25"]

1. e4 c6 2. d4 d5 3. e5 Bf5 4. Nf3 e6 5. Be2 Ne7 6. O-O Nc8 7. c4 dxc4 8. Bxc4 Nb6 9. Bd3 Na6 10. Bxf5 exf5 11. Qc2 Qd7 12. a3 Be7 13. Nc3 O-O 14. Bf4 Nc7 15. Rad1 g6 16. h4 h5 17. Ne2 Ne6 18. Bc1 Rfd8 19. Rd3 c5 20. d5 Nxd5 21. Rfd1 Qc6 22. b3 Ndc7 23. Rc3 Rxd1+ 24. Qxd1 Rd8 25. Qc2 Qd5 26. b4 Qd1+ 27. Kh2 Qxc2 28. Rxc2 cxb4 29. a4 Nd5 30. Bd2 a5 31. Rc4 Nb6 32. Rc2 Rc8 33. Ra2 Nc5 34. Bg5 Bxg5 35. Nxg5 b3 36. Ra1 b2 37. Rb1 Ncxa4 38. e6 fxe6 39. Nxe6 Nd5 40. N6d4 Ndc3 41. Nxc3 Rxc3 42. Ne2 Rc2 43. Nf4 Rc1 44. Rxb2 Nxb2 45. Nxg6 a4 46. Ne7+ Kh7 47. Nxf5 a3 48. Nd4 a2 49. Nb3 a1=Q 50. Nxa1 Rxa1 51. f3 Rc1 52. g4 b5 53. g5 Nd3 54. f4 Nxf4 55. Kg3 Ng6 0-1


[Site "https://www.chess.com"]

[Event "Late Titled Tuesday Blitz February 8 2022"]
[White "Ortiz Verdezoto, Anahi"]
[Black "Marcziter, Dmitrii"]
[WhiteFideId "3614581"]
[BlackFideId "13900765"]
[WhiteElo "1785"]
[BlackElo "2155"]
[Result "1/2-1/2"]
[Round "09"]
[TimeControl "180+1"]
[Date "2022.02.09"]
[WhiteClock "0:00:17"]
[BlackClock "0:00:40"]

1. d4 d5 2. c4 e6 3. Nc3 c5 4. cxd5 exd5 5. Nf3 Nc6 6. Bf4 c4 7. e3 Bb4 8. Be2 Nge7 9. O-O Bf5 10. a3 Bxc3 11. bxc3 b5 12. a4 b4 13. cxb4 Nxb4 14. Qd2 a5 15. Ne5 O-O 16. Rfc1 f6 17. Nf3 Rc8 18. Rc3 Be4 19. Ne1 Ng6 20. Bg3 Rf7 21. f3 Bf5 22. e4 Be6 23. exd5 Bxd5 24. Rac1 Qd7 25. Bxc4 Bxc4 26. Rxc4 Rxc4 27. Rxc4 Qxa4 28. d5 Qb5 29. Rc8+ Rf8 30. Rxf8+ Nxf8 31. d6 Nd7 32. Nc2 Qc5+ 33. Ne3 a4 34. Bf2 a3 35. Nd1 Qd5 36. Qxd5+ Nxd5 37. Bd4 Kf7 38. Nf2 Ke6 39. Ne4 h6 40. Nd2 N7b6 41. Nb3 a2 42. Nc1 Nf4 43. Kf2 Kxd6 44. Nxa2 Nc4 45. Nc3 Nd5 46. Ne4+ Ke6 47. g4 g6 48. h4 f5 49. Nc5+ Kd6 50. Nd3 fxg4 51. fxg4 Ke6 52. h5 gxh5 53. gxh5 Nf6 54. Kg3 Nxh5+ 55. Kh4 Nf6 56. Nf4+ Kf5 57. Bxf6 Kxf6 58. Kh5 Kg7 59. Ne6+ Kh7 60. Nf8+ Kg7 61. Ne6+ Kh7 62. Nf8+ Kg8 63. Kxh6 1/2-1/2


[Site "https://www.chess.com"]

[Event "Late Titled Tuesday Blitz February 8 2022"]
[White "Osiecki, Stanislaw"]
[Black "Alimpic, Aleksa"]
[WhiteFideId "1102990"]
[BlackFideId "974323"]
[WhiteElo "2127"]
[BlackElo "2131"]
[Result "0-1"]
[Round "09"]
[TimeControl "180+1"]
[Date "2022.02.09"]
[WhiteClock "0:00:02"]
[BlackClock "0:00:05"]

1. e4 g6 2. d4 Bg7 3. Bc4 c6 4. d5 cxd5 5. exd5 Nf6 6. Nf3 O-O 7. O-O a6 8. a4 d6 9. Re1 Bg4 10. h3 Bxf3 11. Qxf3 Nbd7 12. Bf4 Rc8 13. Bb3 Nc5 14. Nc3 Nxb3 15. cxb3 Re8 16. a5 Nd7 17. Rec1 Nc5 18. Ra3 Rc7 19. b4 Nd7 20. Raa1 Ne5 21. Bxe5 Bxe5 22. Nd1 Qd7 23. Qe3 Rec8 24. Rxc7 Qxc7 25. f4 Bf6 26. Kh2 Qc4 27. Nc3 Bxc3 28. bxc3 Qxc3 29. Re1 Qxe3 30. Rxe3 Kf8 31. Re4 Rc3 32. g4 Ke8 33. f5 Kd7 34. fxg6 fxg6 35. Rf4 Ke8 36. Rd4 Re3 37. g5 Re5 38. h4 Kd7 39. Kg3 e6 40. dxe6+ Kxe6 41. Rc4 Rb5 42. Kf4 d5 43. Rd4 Kd6 44. h5 Ke6 45. h6 b6 46. axb6 Rxb6 47. Kf3 Ke5 48. Rf4 Rb7 49. Ke3 Rc7 50. Rf8 d4+ 51. Kd2 Ke4 52. Rg8 Kf4 53. Rg7 Rc4 54. Rxh7 Kxg5 55. Ra7 Rxb4 56. h7 Rb8 0-1


[Site "https://www.chess.com"]

[Event "Late Titled Tuesday Blitz February 8 2022"]
[White "Ozen, Deniz"]
[Black "Jobava, Baadur"]
[WhiteFideId "6349196"]
[BlackFideId "13601520"]
[WhiteElo "2326"]
[BlackElo "2617"]
[Result "0-1"]
[Round "09"]
[TimeControl "180+1"]
[Date "2022.02.08"]
[WhiteClock "0:00:03"]
[BlackClock "0:00:17"]

1. d4 d5 2. c4 dxc4 3. Nf3 Nf6 4. Nc3 a6 5. a4 Nc6 6. e3 Na5 7. Ne5 Be6 8. Be2 Nd7 9. Nf3 Nb6 10. O-O g6 11. e4 Bg7 12. d5 Bg4 13. Be3 O-O 14. h3 Bxf3 15. Bxf3 c6 16. dxc6 Qc7 17. cxb7 Rad8 18. Qe2 Qxb7 19. Rfd1 Be5 20. Rab1 e6 21. Bg5 Rxd1+ 22. Qxd1 Rb8 23. Qe2 Qc7 24. Rd1 Nb3 25. Be3 Bxc3 26. Bxb6 Rxb6 27. bxc3 e5 28. Qe3 Kg7 29. Rd5 Re6 30. Bg4 Re7 31. Be2 Qc6 32. a5 Qa4 33. h4 h6 34. Kh2 Qc6 35. Qb6 Qc8 36. Qb4 Rc7 37. Rxe5 Nd2 38. Qd6 Rd7 39. Qb6 Rb7 40. Qd4 Qb8 41. f4 Nb3 42. Qxc4 Nxa5 43. Rxa5 Qxf4+ 44. Kh3 Rb1 45. Qd4+ Kh7 46. g3 Qc1 47. Qf6 Qh1+ 48. Kg4 Qxe4+ 49. Qf4 Qxe2+ 50. Qf3 f5+ 51. Kf4 g5+ 52. hxg5 hxg5+ 53. Kxf5 Qxf3+ 0-1


[Site "https://www.chess.com"]

[Event "Late Titled Tuesday Blitz February 8 2022"]
[White "Pakleza, Zbigniew"]
[Black "Pinheiro, Iung Alicio de O."]
[WhiteFideId "1119290"]
[BlackFideId "2104350"]
[WhiteElo "2467"]
[BlackElo "2608"]
[Result "1-0"]
[Round "09"]
[TimeControl "180+1"]
[Date "2022.02.08"]
[WhiteClock "0:00:14"]
[BlackClock "0:00:18"]

1. d4 Nf6 2. Nf3 g6 3. Bf4 d6 4. h3 Bg7 5. e3 O-O 6. Be2 c5 7. c3 Be6 8. dxc5 dxc5 9. Qxd8 Rxd8 10. Nbd2 Nc6 11. a4 Nd5 12. Bg3 Na5 13. O-O Nb6 14. Rfd1 Nbc4 15. Nxc4 Bxc4 16. Kf1 b6 17. Bc7 Rdc8 18. Be5 f6 19. Bg3 Rd8 20. Nd2 Bxe2+ 21. Kxe2 e5 22. b4 cxb4 23. cxb4 Nc6 24. b5 Na5 25. Rac1 Rac8 26. Ne4 f5 27. Rxd8+ Rxd8 28. Ng5 Bf6 29. Nf3 e4 30. Ne5 Bxe5 31. Bxe5 Rd7 32. Rc7 Rd5 33. Bc3 Nb3 34. Rg7+ Kf8 35. Rxa7 Nc1+ 36. Ke1 Nd3+ 37. Kf1 Nc1 38. g4 Rd1+ 39. Kg2 Ne2 40. Bb4+ Ke8 41. gxf5 gxf5 42. Rxh7 Rg1+ 43. Kh2 Rb1 44. Bd6 Ng1 45. Kg3 Nf3 46. Kf4 Rd1 47. Be5 Rd5 48. Bc7 Ne1 49. Bxb6 Nd3+ 50. Kg3 Nb2 51. Bd4 Nxa4 52. Ra7 Nc5 53. b6 Ne6 54. b7 Rb5 55. Ra8+ Kd7 56. b8=Q f4+ 57. Kg4 Rxb8 58. Rxb8 f3 59. Be5 Kc6 60. Rh8 Kd5 61. Bf4 Nc5 62. Rh5+ Kc6 63. Bg3 Nd3 64. Kf5 Nc5 65. Rh6+ Kd5 66. h4 Nd3 67. Rd6+ Kc5 68. Re6 Kd5 69. Rxe4 Ne1 70. Rd4+ Kc5 71. h5 Nc2 72. Re4 Nb4 73. h6 Nd5 74. Re5 Kc4 75. Rxd5 Kxd5 76. h7 Kc4 77. h8=Q Kd3 78. Qd4+ Ke2 79. Qf4 Kf1 80. e4 Kg2 81. e5 Kf1 82. e6 Kg2 83. e7 Kf1 84. e8=Q Kg2 85. Qh5 Kf1 86. Qh1+ Ke2 87. Qe3# 1-0


[Site "https://www.chess.com"]

[Event "Late Titled Tuesday Blitz February 8 2022"]
[White "Pavlidou, Ekaterini"]
[Black "Domingo Nunez, Alejandro"]
[WhiteFideId "4213262"]
[BlackFideId "22245561"]
[WhiteElo "2127"]
[BlackElo "2215"]
[Result "0-1"]
[Round "09"]
[TimeControl "180+1"]
[Date "2022.02.09"]
[WhiteClock "0:00:11"]
[BlackClock "0:00:10"]

1. d4 g6 2. e4 Bg7 3. c3 c6 4. Bd3 d5 5. e5 f6 6. f4 fxe5 7. fxe5 Nh6 8. Nf3 O-O 9. Bg5 c5 10. Nbd2 Nc6 11. h4 c4 12. Bc2 Bg4 13. h5 Bxh5 14. Rxh5 gxh5 15. Qb1 Kh8 16. Bxh7 Qd7 17. Qc2 Qg4 18. O-O-O b5 19. Rh1 b4 20. Qg6 bxc3 21. bxc3 Rab8 22. Rxh5 Qxg2 23. Bxh6 Qxg6 24. Bxg6 Bxh6 25. Rxh6+ Kg7 26. Rh3 Kxg6 27. Rg3+ Kf5 28. Nh4+ Ke6 29. Rg6+ Kd7 30. e6+ Kd6 31. Ndf3 Rg8 32. Nf5+ Kc7 33. Rh6 Rbf8 34. N3h4 Rg1+ 35. Kb2 Rb8+ 36. Kc2 Ra1 37. Rh7 Rxa2+ 38. Kc1 Rg8 39. Rg7 Rxg7 40. Nxg7 Nd8 41. Ne8+ Kc6 42. Nf5 Nxe6 43. Nxe7+ Kd7 44. Nxd5 Kxe8 45. Nb4 Rh2 46. d5 Nc5 47. d6 Nd3+ 48. Nxd3 cxd3 0-1


[Site "https://www.chess.com"]

[Event "Late Titled Tuesday Blitz February 8 2022"]
[White "Peatman, Carter"]
[Black "Oro, Luis"]
[WhiteFideId "2096480"]
[BlackFideId "104094"]
[WhiteElo "2414"]
[BlackElo "2296"]
[Result "1/2-1/2"]
[Round "09"]
[TimeControl "180+1"]
[Date "2022.02.09"]
[WhiteClock "0:00:03"]
[BlackClock "0:00:09"]

1. d4 Nf6 2. Nf3 g6 3. Bf4 Bg7 4. e3 O-O 5. h3 d6 6. c3 Nbd7 7. Bh2 b6 8. Bd3 Bb7 9. Nbd2 c5 10. e4 Rc8 11. O-O Ne8 12. Qe2 e6 13. Rfd1 Qe7 14. a4 h6 15. a5 e5 16. axb6 axb6 17. Ra7 Rb8 18. dxe5 dxe5 19. Ba6 Nd6 20. Nc4 Bxa6 21. Rxa6 Nxc4 22. Qxc4 Ra8 23. Rxa8 Rxa8 24. Qd5 Ra7 25. Nd2 Nf8 26. Nc4 Rd7 27. Nd6 Nh7 28. Qc6 Qe6 29. f4 exf4 30. Bxf4 Bf8 31. e5 f6 32. Qd5 Qxd5 33. Rxd5 fxe5 34. Bxe5 Ng5 35. c4 Bxd6 36. Rxd6 Rb7 37. Rxg6+ Kh7 38. Rc6 Nf7 39. Rc7 Rxc7 40. Bxc7 Kg6 41. Bxb6 Ne5 42. b3 Nd3 43. Kf1 Kf5 44. Bd8 h5 45. Be7 Ke4 46. Kg1 Kd4 47. Kh2 Kc3 48. Kg3 Kxb3 49. Kh4 Kxc4 50. Kxh5 Kd5 51. g4 Nf4+ 52. Kg5 Nxh3+ 53. Kf5 c4 54. Bf6 Kc5 55. Bc3 Kd5 56. g5 Nxg5 57. Kxg5 Ke4 58. Kg6 Kd3 59. Be5 c3 60. Bxc3 1/2-1/2


[Site "https://www.chess.com"]

[Event "Late Titled Tuesday Blitz February 8 2022"]
[White "Pesotskiy, Mikhail"]
[Black "Stankovic, Ivan G"]
[WhiteFideId "34164453"]
[BlackFideId "902837"]
[WhiteElo "2010"]
[BlackElo "2195"]
[Result "0-1"]
[Round "09"]
[TimeControl "180+1"]
[Date "2022.02.09"]
[WhiteClock "0:01:08"]
[BlackClock "0:00:11"]

1. d4 d5 2. c4 c6 3. Nf3 Nf6 4. Nbd2 a6 5. e3 Bf5 6. Nh4 Bc8 7. Bd3 g6 8. O-O Bg7 9. b3 O-O 10. Bb2 b5 11. Qc2 Nbd7 12. Nhf3 Bb7 13. e4 dxe4 14. Nxe4 Nxe4 15. Bxe4 Nf6 16. Bd3 Bc8 17. Rfe1 Bg4 18. Ne5 Qb6 19. Nxg4 Nxg4 20. h3 Nh6 21. Rxe7 Bxd4 22. Rae1 Rad8 23. Be4 Rfe8 24. Bf3 Rxe7 25. Rxe7 Nf5 26. Bg4 Bxb2 27. cxb5 Nxe7 28. Qxb2 cxb5 29. Qe5 Qd6 30. Qe3 b4 31. h4 Qd4 32. Qxe7 Rf8 33. Qe2 h5 34. Bf3 Qxh4 35. Qxa6 Qd4 36. Qb7 Kg7 37. Bd5 Qa1+ 38. Kh2 Qxa2 39. Qxb4 Qxf2 40. Qc3+ Qf6 41. Qc7 Rd8 42. Bc4 Qd6+ 43. Qxd6 Rxd6 44. Kg3 f5 45. b4 Rd4 46. Be2 Rxb4 47. Kf2 Kf6 48. g3 Rb2 49. Kf3 Rxe2 50. Kxe2 Ke5 51. Kf3 g5 52. Kf2 Ke4 53. g4 hxg4 54. Kg3 Ke3 0-1


[Site "https://www.chess.com"]

[Event "Late Titled Tuesday Blitz February 8 2022"]
[White "Roman, Rodrigo"]
[Black "Kanyamarala, Trisha"]
[WhiteFideId "3701220"]
[BlackFideId "45004722"]
[WhiteElo "2001"]
[BlackElo "2002"]
[Result "1-0"]
[Round "09"]
[TimeControl "180+1"]
[Date "2022.02.09"]
[WhiteClock "0:00:34"]
[BlackClock "0:00:01"]

1. b4 e5 2. Bb2 Nf6 3. a3 e4 4. e3 d5 5. c4 c6 6. Ne2 Bd6 7. Nbc3 O-O 8. d3 exd3 9. Qxd3 dxc4 10. Qxc4 Be6 11. Qd3 Qc7 12. Nd4 Bg4 13. h3 Bh5 14. Nf5 Be5 15. g4 Bg6 16. O-O-O Nbd7 17. f4 Bxc3 18. Bxc3 Rad8 19. Qc4 Bxf5 20. gxf5 b5 21. Qb3 c5 22. Rg1 cxb4 23. axb4 Rc8 24. Kb2 Kh8 25. Bd3 Rfe8 26. Bxb5 Rxe3 27. Rxd7 Rxc3 28. Rxc7 Rxb3+ 29. Kxb3 Rxc7 30. Rd1 g6 31. Bc4 Kg7 32. h4 Re7 33. fxg6 hxg6 34. Ra1 Nh5 35. f5 gxf5 36. Rg1+ Kf6 37. Rg5 Nf4 38. b5 Ne6 39. Rg1 f4 40. h5 Re8 41. Rf1 Kf5 42. h6 Rh8 43. h7 Ke5 44. Re1+ Kd6 45. Rd1+ Kc7 46. Ra1 Kb6 47. Ra6+ Kc5 48. Rxa7 Rxh7 49. Bxe6 Rh1 50. Rxf7 Rb1+ 51. Kc2 1-0


[Site "https://www.chess.com"]